[Event "*** Titled Tuesday 3|2 Blitz"]
[Site "Chess.com"]
[Date "2015.09.01"]
[Round "7"]
[White "stefanodinn"]
[Black "enen0315"]
[Result "1-0"]
[WhiteElo "2127"]
[BlackElo "1940"]
[TimeControl "180+2"]
[EndTime "12:27:01 PDT"]
[Termination "stefanodinn won by resignation"]

1. e4 c5 2. Nf3 g6 3. c3 Bg7 4. d4 cxd4 5. cxd4 d5 6. exd5 Nf6 7. Bb5+ Nbd7 8. d6 exd6 9. Qe2+ Kf8 10. O-O a6 11. Bd3 b6 12. Nc3 Bb7 13. Bf4 Ne8 14.
Be4 Bxe4 15. Nxe4 Ndf6 16. Rfe1 h6 17. Nc3 g5 18. Be3 Qd7 19. d5 b5 20. a3 Nc7 21. Rad1 Re8 22. Qd3 Nh5 23. Bd4 Nf4 24. Bxg7+ Kxg7 25. Qd4+ f6 26. g3 Ng6 27. Kg2 h5 28. Nxg5 h4 29. Rxe8 Rxe8 30. Nge4 Rf8 31.
Rd3 Ne5 32. Re3 h3+ 33. Kf1 Qf5 34. Nxd6 Qc2 35. Nde4 a5 36. Nxf6 Rxf6 37. Rxe5 Qxf2+ 38. Qxf2 Rxf2+ 39. Kxf2 b4 40. axb4 axb4 41. Ne4 Kf7 42. d6 Ne8 43. Rb5 Ke6 44. Rxb4 Nxd6 45. Nxd6 1-0

[Event "*** Titled Tuesday 3|2 Blitz"]
[Site "Chess.com"]
[Date "2015.09.01"]
[Round "7"]
[White "jup1978"]
[Black "Thomaslegend"]
[Result "1-0"]
[WhiteElo "2160"]
[BlackElo "2123"]
[TimeControl "180+2"]
[EndTime "12:27:03 PDT"]
[Termination "jup1978 won by resignation"]

1. e4 c5 2. Nf3 d6 3. Bb5+ Nd7 4.
d4 cxd4 5. Qxd4 a6 6. Bxd7+ Bxd7 7. Nc3 e5 8. Qd3 h6 9. O-O Nf6 10. Be3 Be7 11. Rfd1 Bc6 12. h3 O-O 13. a4 b6 14.
Nd2 d5 15. exd5 Nxd5 16. Nxd5 Bxd5 17. Nc4 Bxc4 18. Qxc4 Rc8 19. Qxa6 Qc7 20. c3 Bc5 21. Bxc5 Qxc5 22. Qd3 Rc6 23. Qd5 Rfc8 24. Qxc5 Rxc5 25. Rd6 R5c6 26. Rad1 Kf8 27. Rxc6 Rxc6 28. Rd5 Re6 29. Kf1 Ke7 30. Ke2 f5 31. a5 bxa5 32. Rxa5 Kf6 33. b4 Rc6 34. Kd3 f4 35. b5 Rc8 36. b6 Rb8 37. Rb5 Ke6 38. c4 Kd6 39. Ke4 g6 40. b7 Kc6 41. Kxe5 g5 42. Kf5 Kc7 43. Kg6 g4 44. hxg4 Rg8+ 45. Kxh6 Kb8 46. g5 f3 47. gxf3 Rf8 48. g6 Rh8+ 49.
Kg5 Rd8 50. g7 Re8 51. f4 Rd8 52. f5 Re8 53. f6 Rd8 54. f7 1-0

[Event "*** Titled Tuesday 3|2 Blitz"]
[Site "Chess.com"]
[Date "2015.09.01"]
[Round "7"]
[White "DanielNaroditsky"]
[Black "joppie2"]
[Result "1-0"]
[WhiteElo "2563"]
[BlackElo "2388"]
[TimeControl "180+2"]
[EndTime "12:27:04 PDT"]
[Termination "DanielNaroditsky won by resignation"]

1. d4 d5 2. c4 c6 3. Nf3 Nf6 4. Nc3 dxc4 5. a4 e6 6. e4 Bb4 7. Bxc4 Nxe4 8. O-O Nf6 9. Bg5 Nbd7 10. Qc2 O-O 11.
Rad1 Be7 12. Ba2 Nd5 13. Bb1 g6 14. Bh6 Re8 15. Rfe1 Bf8 16. Bg5 Be7 17. Bh6 Bf8 18.
Bg5 Be7 19. h4 b6 20. Ne4 Bb7 21. Nd6 Bxg5 22. Nxg5 Re7 23. h5 Nf8 24. Nxb7 Rxb7 25. Qd2 Nf6 26. hxg6 hxg6 27. Qf4 N8h7 28. Nf3 Nd5 29.
Qh2 Kg7 30. Re4 Ng5 31. Qe5+ f6 32. Nxg5 fxe5 33. Nxe6+ Kf6 34. Nxd8 Rxd8 35. dxe5+ Ke6 36. Ba2 Rbd7 37. g3 Ke7 38. Red4 Nb4 39. Rxd7+ Rxd7 40. Rxd7+ Kxd7 41. Bf7 g5 42. Bc4 a6 43. f4 gxf4 44. gxf4 b5 45. axb5 axb5 46. Be2 Ke6 47. Kf2 Nc2 48. Bd3 Nb4 49. Ke3 Nd5+ 50. Ke4 Ne7 51. Kd4 b4 52. Kc5 b3 53. Be4 Nc8 54. Bxc6 Ne7 55.
Be4 Nc8 56. Bb7 Ne7 57. Be4 Nc8 58. Kd4 Nb6 59. f5+ Ke7 60. Bd5 Na4 61. f6+ Kf8 62.
e6 1-0

[Event "*** Titled Tuesday 3|2 Blitz"]
[Site "Chess.com"]
[Date "2015.09.01"]
[Round "7"]
[White "penguingm1"]
[Black "Tomsel"]
[Result "0-1"]
[WhiteElo "2502"]
[BlackElo "2331"]
[TimeControl "180+2"]
[EndTime "12:27:17 PDT"]
[Termination "Tomsel won by resignation"]

1. d4 Nf6 2. c4 g6 3. f3 d5 4. cxd5 Nxd5 5. e4 Nb6 6. Nc3 Bg7 7. Be3 O-O 8. Qd2 Nc6 9. O-O-O f5 10. e5 a5 11. Nh3 a4 12. Nf4 Na5 13. Qc2 Nac4 14.
Bf2 Bh6 15. g3 a3 16. b3 Nb2 17. Rd2 c6 18. Nb1 Nd5 19. Nxa3 Rxa3 20. Qxb2 Qa5 21. Bc4 Be6 22. b4 Qa7 23. Nxe6 Rc3+ 24. Kd1 Rxc4 25. f4 Ra8 26. Ke2 Rxb4 27. Qc2 Qa6+ 28. Kf3 c5 29. Nxc5 Qc6 30. Rhd1 Ra3+ 31. Ke2 Nc3+ 32.
Kf1 Qh1+ 33. Bg1 Nxd1 34. Qxd1 Rf3+ 35. Rf2 Rxf2+ 36. Kxf2 Rb2+ 37. Ke3 Qg2 38. d5 b6 39.
d6 bxc5 40. Qd3 exd6 41. exd6 Qxg1+ 42. Kf3 Rf2+ 43. Ke3 Rf1+ 44. Kd2 Rd1+ 45. Kc2 Rxd3 46. Kxd3 Qd4+ 47. Kc2 c4 48. a4 Qd3+ 49. Kc1 c3 50. d7 Qd2+ 0-1

[Event "*** Titled Tuesday 3|2 Blitz"]
[Site "Chess.com"]
[Date "2015.09.01"]
[Round "7"]
[White "Schemato"]
[Black "MFBerna"]
[Result "1-0"]
[WhiteElo "2152"]
[BlackElo "2124"]
[TimeControl "180+2"]
[EndTime "12:27:24 PDT"]
[Termination "Schemato won by resignation"]

1. c4 e6 2. Nc3 d5 3. d4 Be7 4. cxd5 exd5 5. Bf4 c6 6. e3 Bf5 7.
g4 Be6 8. h3 Nf6 9. Nge2 Nbd7 10.
Ng3 Nb6 11. g5 Nfd7 12. h4 Nf8 13. Be5 f6 14. gxf6 Bxf6 15. Bxf6 Qxf6 16. Bd3 O-O-O 17. Qe2 Ng6 18. Nh5 Qe7 19. O-O-O Nc4 20. Rdg1 Qf7 21. Nxg7 Qxg7 22. h5 Bf7 23. hxg6 Bxg6 24. Bxc4 dxc4 25. Qxc4 Qf6 26. f4 Qf5 27. Rh2 Rhe8 28. Rg5 Qf6 29. Rh3 Kb8 30. Rhg3 Rxe3 31. Rxe3 Qxf4 32. Re5 Rxd4 33.
Qe2 Rd3 34. Nd1 Qc4+ 35. Nc3 Qf4 36. a3 a6 37. Re7 Ka7 38. Nd1 Qc4+ 39. Nc3 Qf4 40.
Qe1 Qc4 41. Rxd3 Qxd3 42. Qe3+ Qxe3+ 43. Rxe3 Kb6 44. Rh3 Kc5 45. Rh4 Kd6 46. Kd2 Ke5 47.
Ke3 c5 48. a4 b6 49. a5 b5 50. Ne4 c4 51. Nc5 b4 52. Nxa6 c3 53. bxc3 bxc3 54. Nb4 c2 55. Kd2 Kd6 56. Nxc2 1-0

[Event "*** Titled Tuesday 3|2 Blitz"]
[Site "Chess.com"]
[Date "2015.09.01"]
[Round "7"]
[White "Zlatan56"]
[Black "ChadaevNikolay"]
[Result "1/2-1/2"]
[WhiteElo "2555"]
[BlackElo "2605"]
[TimeControl "180+2"]
[EndTime "12:27:34 PDT"]
[Termination "Game drawn - insufficient material"]

1. Nf3 Nf6 2. g3 g6 3. Bg2 Bg7 4.
O-O O-O 5. d4 d6 6. a4 a5 7. Nc3 Nc6 8. e4 e5 9. dxe5 Nxe5 10.
Nxe5 dxe5 11. Be3 Be6 12. Qxd8 Rfxd8 13. Nb5 Ne8 14. Rfd1 Bf8 15. Bf1 Be7 16. f3 f6 17.
Kf2 Kf7 18. g4 c6 19. Na3 Rxd1 20. Rxd1 Rd8 21. Rxd8 Bxd8 22. Nc4 Bc7 23. Bd2 b6 24. Be3 b5 25. axb5 cxb5 26. Na3 b4 27. Nb5 Bd8 28.
b3 Bd7 29. Bc4+ Kg7 30. Bc5 h6 31. h3 f5 32. Na7 fxe4 33. fxe4 h5 34. gxh5 gxh5 35.
Bb5 Bxb5 36. Nxb5 Nf6 37. Kf3 Nd7 38. Be3 Kf7 39. Nd6+ Ke6 40. Nf5 Bf6 41. Ng3 h4 42. Nf5 Bd8 43. Bf2 Bg5 44. Bxh4 Bxh4 45. Nxh4 Nc5 46. Nf5 a4 47. bxa4 Nxa4 48. Ne3 Nc5 49. h4 b3 50. cxb3 Nxb3 51. Nc4 Kf6 52. Kg4 Nc5 53. Nd2 Kg6 54. Kg3 Kh5 55. Kh3 Kg6 56. Kg4 Kf6 57. h5 Nd3 58. Nc4 Nf2+ 59. Kf3 Nxe4 60. Kxe4 Kg5 61. Kxe5 Kxh5 1/2-1/2

[Event "*** Titled Tuesday 3|2 Blitz"]
[Site "Chess.com"]
[Date "2015.09.01"]
[Round "7"]
[White "Grootneus"]
[Black "motivated_bishop"]
[Result "1-0"]
[WhiteElo "2018"]
[BlackElo "1992"]
[TimeControl "180+2"]
[EndTime "12:27:37 PDT"]
[Termination "Grootneus won by resignation"]

1. e4 e5 2. Nf3 Nc6 3. Bb5 a6 4. Ba4 Nf6 5. d3 d6 6. c3 g6 7. O-O b5 8. Bc2 Bg7 9. d4 O-O 10. a4 Bb7 11. Nbd2 Re8 12. Re1 Qd7 13. Nf1 Rad8 14.
d5 Ne7 15. axb5 axb5 16. Qe2 c6 17. dxc6 Bxc6 18. Ng3 Ra8 19. Be3 Rxa1 20. Rxa1 Ra8 21. Rxa8+ Bxa8 22. Bd3 Bc6 23. Qd2 Qb7 24. Qc2 d5 25.
Nxe5 dxe4 26. Nxc6 Qxc6 27. Nxe4 Nfd5 28. Bg5 f6 29. Bc1 f5 30. Ng5 b4 31. c4 Nc7 32. h3 Bd4 33. Nf3 Bc5 34. Qe2 Ne6 35. Ne5 Qd6 36. b3 Nd4 37. Qe1 Nxb3 38. Bb2 Nd4 39. Bb1 b3 40. Nd3 Nc2 41. Qc3 Bd4 42. Qxb3 Bxb2 43. c5+ Qd5 44. Bxc2 Bd4 45. Qxd5+ Nxd5 46. Bb3 Kf8 47. Bxd5 h6 48. Kf1 Ke7 49. Ke2 g5 50. f3 f4 51. Kd2 Kd7 52. Kc2 Kc7 53. Be4 Kd7 54. Kb3 Kc7 55. Kc4 Bg7 56. Kd5 Kd7 57.
c6+ Kc7 58. Nc5 Bb2 59. Ne6+ Kc8 60. c7 Ba3 61. Ke5 Bb4 62. Kf5 Bd6 63. Kg6 Bxc7 64. Nxc7 Kxc7 65. Kxh6 1-0

[Event "*** Titled Tuesday 3|2 Blitz"]
[Site "Chess.com"]
[Date "2015.09.01"]
[Round "7"]
[White "Krutoy123"]
[Black "FairChess_on_YouTube"]
[Result "1/2-1/2"]
[WhiteElo "2217"]
[BlackElo "2702"]
[TimeControl "180+2"]
[EndTime "12:27:57 PDT"]
[Termination "Game drawn by repetition"]

1. e4 c5 2. Nf3 e6 3. b3 Nf6 4. e5 Nd5 5. Bb2 Nc6 6. Bd3 d6 7. O-O dxe5 8. Nxe5 Nxe5 9. Bxe5 Qg5 10. f4 Qh6 11. Nc3 Be7 12. Bb5+ Kf8 13. Qf3 Nb4 14.
Rac1 f6 15. a3 a6 16. Ba4 Kg8 17. axb4 cxb4 18. Bc7 bxc3 19. dxc3 Qg6 20. Kh1 h5 21. b4 h4 22. Bb3 h3 23. g3 Kh7 24. Rce1 e5 25. f5 Qh6 26. Bb6 Bd7 27.
Be3 Bc6 28. Bd5 Bxd5 29. Qxd5 Qh5 30. Qe4 Rhc8 31. Qxb7 Bf8 32. Bd2 Rd8 33. Rf2 a5 34. b5 Bc5 35. Rfe2 a4 36. Qe4 a3 37. g4 Qh4 38. Ra1 a2 39. Be1 Qg5 40. Qc4 Be3 41. Qe4 Bf4 42. Qf3 Kg8 43. b6 Bd2 44. b7 Rab8 45.
Rxa2 Bxe1 46. Rxe1 Qd2 47. Rg1 Re8 48. Ra8 Qxc2 49.
Rxb8 Rxb8 50. g5 fxg5 51. Rxg5 Qb1+ 52. Rg1 Qxb7 53. Qxb7 Rxb7 54. f6 Rb3 55. Rxg7+ Kf8 56. Kg1 Rxc3 57. Re7 Rf3 58. Rxe5 Kf7 59. Re1 Kxf6 60.
Rf1 Rxf1+ 61. Kxf1 Kf5 62. Kf2 Kf4 63. Ke2 Ke4 64. Kf2 Kf4 65. Ke2 Ke4 66. Kf2 Kf4 1/2-1/2

[Event "*** Titled Tuesday 3|2 Blitz"]
[Site "Chess.com"]
[Date "2015.09.01"]
[Round "7"]
[White "Aygehovit1992"]
[Black "xdb"]
[Result "1-0"]
[WhiteElo "2343"]
[BlackElo "2176"]
[TimeControl "180+2"]
[EndTime "12:27:58 PDT"]
[Termination "Aygehovit1992 won by resignation"]

1. e4 e5 2. Nf3 Nf6 3. d4 Nxe4 4.
Bd3 Nc6 5. d5 Nc5 6. dxc6 e4 7.
Qe2 Qe7 8. cxd7+ Bxd7 9. Bxe4 Qxe4 10. Be3 O-O-O 11. Nc3 Qb4 12. O-O-O Bd6 13. Kb1 Rhe8 14. Nd5 Qb5 15. Qxb5 Bxb5 16. Nd4 Bc4 17. Nc3 Be5 18. b3 Ba6 19. b4 Ne6 20. Nxe6 Rxd1+ 21. Rxd1 Rxe6 22.
Bd4 Bc4 23. Bxe5 Rxe5 24. Rd4 Be6 25. f4 Re1+ 26. Kb2 f6 27. a4 b6 28. b5 Rg1 29.
Rd2 h5 30. g3 Kb7 31. Re2 Bf5 32. Nd5 a6 33. Re7 axb5 34. axb5 Rg2 35. Rxc7+ Kb8 36.
Rc6 Rxh2 37. Rxb6+ Ka7 38. Ra6+ Kb7 39. Nb4 Rg2 40.
Ra3 g5 41. fxg5 fxg5 42. Rf3 Be4 43. Re3 Bf5 44. Re5 Rf2 45. Kb3 h4 46. gxh4 gxh4 47. c4 h3 48. Re7+ Kb6 49. Nd5+ Kc5 50. Rc7+ Kd6 51. Rc6+ Ke5 52. Rh6 h2 53. b6 Be4 54. b7 Rf8 55. Nb6 Bxb7 56. Nd7+ Kd4 57. Rh4+ Kd3 58. Nc5+ Ke3 59. Nxb7 Rb8 60. Rxh2 Rxb7+ 61. Kc3 Ke4 62. Rh5 Rb8 63. c5 Rc8 64. Kc4 Rg8 65. c6 Rg1 66. Kc5 Rc1+ 67. Kd6 Kd4 68.
c7 Rc2 69. Kd7 1-0

[Event "*** Titled Tuesday 3|2 Blitz"]
[Site "Chess.com"]
[Date "2015.09.01"]
[Round "7"]
[White "facu57"]
[Black "MITerryble"]
[Result "1-0"]
[WhiteElo "2490"]
[BlackElo "2573"]
[TimeControl "180+2"]
[EndTime "12:28:11 PDT"]
[Termination "facu57 won by resignation"]

1. e4 e6 2. d3 d5 3. Nd2 Nf6 4. Ngf3 b6 5. e5 Nfd7 6. g3 c5 7. Bg2 Nc6 8. O-O Ndxe5 9. Nxe5 Nxe5 10. Re1 Nc6 11. c4 Be7 12. Qh5 Nb4 13. cxd5 Nxd5 14.
Qe5 f6 15. Qh5+ g6 16. Qh6 Kf7 17. Nc4 Rb8 18. a4 Bf8 19. Qh4 Be7 20. Qh6 Bd7 21. Bd2 Qf8 22. Qh4 h5 23. Qe4 Re8 24. Qf3 Kg8 25. a5 b5 26. Ne3 Bc6 27. Qe4 Qf7 28.
d4 c4 29. Nxd5 Bxd5 30. Qf4 Kg7 31. Bxd5 exd5 32. h4 Rc8 33. Re2 Rhe8 34. Rae1 Bf8 35. Rxe8 Rxe8 36. Rxe8 Qxe8 37. Qc7+ Qf7 38. Qc6 b4 39. Bf4 b3 40. a6 Bb4 41. Qb7 Qe7 42. Kg2 Kf7 43. Qxd5+ Qe6 44. Qb7+ Qe7 45. d5 Ke8 46. d6 Bxd6 47. Bxd6 Qxd6 48. Qxa7 Qc6+ 49. Kg1 c3 50. bxc3 b2 51. Qb8+ Kf7 52. Qxb2 Qxa6 53. Qb3+ Kg7 54. c4 g5 55. hxg5 fxg5 56. Qb5 Qa1+ 57. Kg2 Qa8+ 58. Qd5 Qxd5+ 59. cxd5 g4 60. f4 Kf6 61. Kf2 Ke7 62. f5 Kd6 63. f6 Kd7 64.
Ke3 Kd6 65. Kf4 Kd7 66. Kg5 1-0

[Event "*** Titled Tuesday 3|2 Blitz"]
[Site "Chess.com"]
[Date "2015.09.01"]
[Round "7"]
[White "wonderfultime"]
[Black "AleksandrNevski"]
[Result "1/2-1/2"]
[WhiteElo "2625"]
[BlackElo "2337"]
[TimeControl "180+2"]
[EndTime "12:28:28 PDT"]
[Termination "Game drawn by repetition"]

1. d4 d5 2. c4 e6 3. Nc3 Be7 4.
Nf3 Nf6 5. Bf4 O-O 6. e3 Nbd7 7. c5 c6 8. Bd3 b6 9. b4 a5 10. a3 Ba6 11. Bxa6 Rxa6 12. O-O Qa8 13. b5 Ra7 14. cxb6 Nxb6 15. Ne5 cxb5 16. Nxb5 Rb7 17. a4 Rc8 18. Qb3 Ne4 19. Rfc1 Nd2 20. Rxc8+ Qxc8 21. Qd1 Ndc4 22. Rc1 Qe8 23. Nxc4 Nxc4 24. Qg4 Bf8 25. h4 Kh8 26. e4 Qd7 27. h5 h6 28. Qf3 Rb6 29.
Be5 Rc6 30. Re1 Nb6 31. Qe3 Kg8 32. Qb3 dxe4 33. Rxe4 Qd5 34. Qe3 Nc4 35. Qe2 Nxe5 36. dxe5 Rc1+ 37. Kh2 Ra1 38. Qe3 Qd1 39. Rd4 Qxh5+ 40.
Kg3 Be7 41. Qe4 Rh1 42. Rd7 Bg5 43. Qa8+ Kh7 44. Qe4+ Qg6 45. Qxg6+ Kxg6 46. Nd6 Ra1 47. Nxf7 Rxa4 48. Nh8+ Kf5 49. Nf7 Bf4+ 50. Kf3 Ra3+ 51. Ke2 h5 52. Nd6+ Kg6 53. Re7 Bxe5 54. Rxe6+ Bf6 55.
Nc4 Ra2+ 56. Kf3 a4 57. Ra6 Kh7 58. Kg3 Be7 59. Ra7 Bc5 60. Ra5 Bxf2+ 61. Kf3 Bd4 62. Rxh5+ Kg6 63. Ra5 Bf6 64. g4 Ra1 65. Kf4 Rf1+ 66. Kg3 Ra1 67. Kf4 Rf1+ 68. Kg3 Ra1 69. Kf4 Rf1+ 1/2-1/2

[Event "*** Titled Tuesday 3|2 Blitz"]
[Site "Chess.com"]
[Date "2015.09.01"]
[Round "7"]
[White "BakaPG"]
[Black "Iball95"]
[Result "1/2-1/2"]
[WhiteElo "2438"]
[BlackElo "2356"]
[TimeControl "180+2"]
[EndTime "12:28:28 PDT"]
[Termination "Game drawn - insufficient material"]

1. e4 c5 2. Nf3 Nc6 3. Nc3 g6 4. d4 cxd4 5. Nxd4 Bg7 6. Be3 Nf6 7. Bc4 O-O 8. Bb3 a5 9. O-O Nxd4 10. Bxd4 d6 11.
a4 Bd7 12. Kh1 Bc6 13. Qd3 Nd7 14. Bxg7 Kxg7 15. f4 Qb6 16. Rab1 Qb4 17. Bd5 Nc5 18. Qf3 Nxa4 19. f5 Nxc3 20. bxc3 Qc5 21. f6+ exf6 22. Qxf6+ Kg8 23. Bxf7+ Rxf7 24. Qxf7+ Kh8 25. Qe7 Kg8 26. Qe6+ Kh8 27. Rf7 Qe5 28. Qxe5+ dxe5 29. Re1 a4 30. Re7 Ra5 31. Rd1 Ra8 32. Rxe5 Kg7 33. Rf1 a3 34. Re7+ Kg8 35. h4 a2 36. Ra1 Ra4 37.
Kh2 Bxe4 38. g4 Bxc2 39. Rxb7 Bb1 40. Kg3 Rc4 41. Rb3 Kf7 42. g5 Ke6 43. Rb6+ Kf5 44.
Rb5+ Ke4 45. Rb4 Kd3 46. Rbxb1 axb1=Q 47. Rxb1 Rxc3 48. Rb7 Ke4+ 49. Kg4 Rc1 50. Rxh7 Rg1+ 51. Kh3 Rh1+ 52. Kg3 Rg1+ 53. Kh2 Ra1 54. Rf7 Ke5 55. Rf6 Ra2+ 56. Kg3 Ra3+ 57. Kg4 Ra4+ 58. Kg3 Ra3+ 59. Rf3 Ra4 60. Rb3 Ra5 61. Rb6 Ra3+ 62. Kf2 Ra2+ 63. Ke3 Ra3+ 64. Ke2 Ra2+ 65. Kd3 Ra3+ 66. Kc2 Ra4 67. Rxg6 Rxh4 68. Rg8 Rg4 69. Kd3 Kf5 70. Ke3 Rxg5 71. Rxg5+ Kxg5 1/2-1/2

[Event "*** Titled Tuesday 3|2 Blitz"]
[Site "Chess.com"]
[Date "2015.09.01"]
[Round "7"]
[White "rhungaski"]
[Black "PawelCzarnota"]
[Result "1/2-1/2"]
[WhiteElo "2467"]
[BlackElo "2431"]
[TimeControl "180+2"]
[EndTime "12:29:04 PDT"]
[Termination "Game drawn by agreement"]

1. Nf3 Nf6 2. c4 g6 3. Nc3 Bg7 4. e4 d6 5. d4 O-O 6. Be2 Na6 7. O-O e5 8. Re1 Qe8 9. d5 Nc5 10. Bf1 a5 11. b3 Nh5 12. Be3 b6 13. Qc2 f5 14. exf5 gxf5 15. Nh4 Qd8 16. g3 e4 17. Rad1 Nd7 18. Be2 Qe8 19. f4 exf3 20. Bxf3 Ne5 21. Bd4 f4 22. g4 Qd8 23. Bxe5 Qxh4 24. Bxg7 Bxg4 25. Bxg4 Qxg4+ 26. Kh1 Qf3+ 27. Qg2 Qxg2+ 28. Kxg2 Nxg7 29. Nb5 Nf5 30. Kf3 Rf7 31. Rg1+ Kf8 32. Rde1 Re8 33. Rg8+ Kxg8 34. Rxe8+ Kg7 35. Kxf4 Nd4+ 36.
Ke3 Nxb5 37. cxb5 Kf6 38. Kf4 Kg6+ 39. Ke3 Kf5 40. Re6 Rg7 41. Kf2 Kf4 42. Re8 h5 43.
Re6 Rg5 44. Re7 Rxd5 45. Rf7+ Ke4 46. Rxc7 Rxb5 47. Ke2 Re5 48. Rc4+ Kd5+ 49. Kd3 b5 50. Rh4 Kc5 51. a3 Rf5 52. b4+ axb4 53. axb4+ Kd5 54.
Ke3 Rg5 55. Kd3 Re5 56. Rd4+ Ke6 57. Rh4 Rd5+ 58. Ke3 Kf6 59. Rf4+ Rf5 60. Rd4 d5 61. Rd1 Ke5 62. Rg1 d4+ 63. Ke2 Kd5 64. Rc1 Ke4 65.
Rc8 d3+ 66. Ke1 Kd4 67. h4 Rf4 68. Rc5 Rxh4 69. Rxb5 Ke3 70. Re5+ Re4 71. Rxh5 Rg4 72. Re5+ Kd4 73. Re8 Kc3 74. Rc8+ Kd4 75. b5 Rg1+ 76.
Kd2 Rg2+ 77. Kd1 Rb2 78. Rd8+ Kc3 79. Rc8+ 1/2-1/2

[Event "*** Titled Tuesday 3|2 Blitz"]
[Site "Chess.com"]
[Date "2015.09.01"]
[Round "8"]
[White "Boryboy"]
[Black "DanielNaroditsky"]
[Result "1/2-1/2"]
[WhiteElo "2514"]
[BlackElo "2561"]
[TimeControl "180+2"]
[EndTime "12:30:30 PDT"]
[Termination "Game drawn by agreement"]

1. d4 Nf6 2. Nf3 d5 3. c4 e6 4.
g3 Bb4+ 5. Bd2 Bd6 6. Bg2 c6 7. O-O O-O 8. Qc2 Ne4 9. Nc3 Nxd2 10. Nxd2 f5 11. Rab1 Nd7 12. b4 Nf6 1/2-1/2

[Event "*** Titled Tuesday 3|2 Blitz"]
[Site "Chess.com"]
[Date "2015.09.01"]
[Round "8"]
[White "joppie2"]
[Black "HansCoolNiemann"]
[Result "0-1"]
[WhiteElo "2358"]
[BlackElo "2113"]
[TimeControl "180+2"]
[EndTime "12:33:20 PDT"]
[Termination "HansCoolNiemann won by resignation"]

1. e4 e5 2. Nf3 Nc6 3. Bb5 Nf6 4. d3 Bc5 5. O-O d6 6. Nbd2 O-O 7. Bxc6 bxc6 8.
Re1 Ng4 9. Re2 f5 10. c3 Bb6 11. Nc4 Be6 12. Nxb6 axb6 13. Ng5 Qd7 14. Nxe6 Qxe6 15. h3 Nf6 16. b3 f4 17. f3 g5 18. d4 h5 19. c4 g4 20. Kh2 Kh7 21. Bb2 Rg8 22.
hxg4 hxg4 23. Qd3 gxf3 24. Qxf3 Rg3 25. Qf1 Ng4+ 26. Kg1 Qh6 0-1

[Event "*** Titled Tuesday 3|2 Blitz"]
[Site "Chess.com"]
[Date "2015.09.01"]
[Round "8"]
[White "Mazetovic"]
[Black "rhungaski"]
[Result "0-1"]
[WhiteElo "2391"]
[BlackElo "2475"]
[TimeControl "180+2"]
[EndTime "12:33:20 PDT"]
[Termination "rhungaski won by resignation"]

1. e4 e5 2. Nf3 Nc6 3. Bb5 a6 4.
Bxc6 dxc6 5. O-O f6 6. d4 exd4 7. Nxd4 c5 8. Ne2 Qxd1 9. Rxd1 Bd7 10. Nbc3 O-O-O 11. Be3 Re8 12. Rd2 Bc6 13. Rad1 b6 14. f3 Ne7 15. Kf2 Ng6 16. Nf4 Ne5 17. b3 c4 18. Nh5 Bb4 19. Bd4 Rhg8 20. Ng3 g6 21.
Nge2 cxb3 22. cxb3 Rgf8 23. Rc2 Kb7 24. Be3 f5 25.
exf5 Rxf5 26. Nd4 Ng4+ 0-1

[Event "*** Titled Tuesday 3|2 Blitz"]
[Site "Chess.com"]
[Date "2015.09.01"]
[Round "8"]
[White "AndrewMcStone"]
[Black "myaccount88"]
[Result "1-0"]
[WhiteElo "1934"]
[BlackElo "2124"]
[TimeControl "180+2"]
[EndTime "12:33:47 PDT"]
[Termination "AndrewMcStone won by resignation"]

1. d4 Nf6 2. c4 e6 3. Nc3 Bb4 4.
f3 c5 5. d5 exd5 6. cxd5 d6 7.
e4 O-O 8. Bd3 b6 9. Ne2 Ba6 10.
O-O Re8 11. Bxa6 Nxa6 12. Bg5 Nc7 13. Qe1 h6 14. Bh4 b5 15. Qg3 Rc8 16. f4 Bxc3 17.
Nxc3 b4 18. e5 bxc3 19. exf6 g6 20. f5 1-0

[Event "*** Titled Tuesday 3|2 Blitz"]
[Site "Chess.com"]
[Date "2015.09.01"]
[Round "8"]
[White "Haridaskesavan"]
[Black "Badouuu"]
[Result "0-1"]
[WhiteElo "1987"]
[BlackElo "1892"]
[TimeControl "180+2"]
[EndTime "12:33:54 PDT"]
[Termination "Badouuu won by resignation"]

1. e4 c5 2. c3 d6 3. d4 Nf6 4.
dxc5 Nc6 5. cxd6 Nxe4 6. g3 Nxd6 7. Bg2 g6 8. Ne2 Bg7 9. O-O O-O 10. Bf4 e5 11.
Be3 Qe7 12. Bc5 Rd8 13. Na3 Qc7 14. Qa4 Bd7 15. Rad1 Nd4 16. Bxd6 Bxa4 17. Bxc7 Nxe2+ 18. Kh1 Rxd1 19. Rxd1 Bxd1 20. Bxb7 Re8 21. Kg2 Re7 0-1

[Event "*** Titled Tuesday 3|2 Blitz"]
[Site "Chess.com"]
[Date "2015.09.01"]
[Round "8"]
[White "motivated_bishop"]
[Black "ArnaudovP"]
[Result "1-0"]
[WhiteElo "2084"]
[BlackElo "2307"]
[TimeControl "180+2"]
[EndTime "12:34:29 PDT"]
[Termination "motivated_bishop won by resignation"]

1. d4 Nf6 2. c4 Nc6 3. Nf3 e6 4. Nc3 Bb4 5. Qc2 d6 6. Bd2 O-O 7. a3 Bxc3 8. Bxc3 Qe7 9. e3 a5 10. b3 e5 11. dxe5 dxe5 12. Be2 Bg4 13. h3 Bh5 14.
O-O Rad8 15. Qb2 Ne4 16. Be1 Nc5 17. Bc3 Nd3 18. Bxd3 Bxf3 19. Be2 Bxe2 20. Qxe2 f6 21. Rfd1 Rxd1+ 22. Qxd1 Rd8 23. Qc2 Qd6 24. Kf1 g6 25.
Ke2 Qe6 26. Rd1 Rxd1 27. Qxd1 Qf5 28. Qd5+ Kg7 29. e4 Qf4 30. Qd7+ Kh6 31. Bd2 Nd4+ 32. Kd1 1-0

[Event "*** Titled Tuesday 3|2 Blitz"]
[Site "Chess.com"]
[Date "2015.09.01"]
[Round "8"]
[White "FairChess_on_YouTube"]
[Black "AnthonyWirig"]
[Result "1-0"]
[WhiteElo "2712"]
[BlackElo "2529"]
[TimeControl "180+2"]
[EndTime "12:34:33 PDT"]
[Termination "FairChess_on_YouTube won by resignation"]

1. d4 Nf6 2. Bg5 Ne4 3. Bf4 d5 4. f3 Nf6 5. Nc3 a6 6. e4 g6 7. e5 Nh5 8. Be3 Ng7 9. Qd2 Nf5 10. Bf2 h5 11. O-O-O e6 12. Kb1 b6 13. g4 hxg4 14.
fxg4 Nh4 15. Be3 Be7 16. Qf2 c5 17. dxc5 bxc5 18. Bxc5 Nd7 19. Bd4 Rb8 20. Nxd5 exd5 21. e6 Nf6 22. g5 Bxe6 23. gxf6 Bd6 24. Bxa6 Qa5 25. Bd3 Ba3 26. Ne2 Kd7 27. b3 Rhc8 28.
Qxh4 1-0

[Event "*** Titled Tuesday 3|2 Blitz"]
[Site "Chess.com"]
[Date "2015.09.01"]
[Round "8"]
[White "stefanodinn"]
[Black "Yaacovn"]
[Result "0-1"]
[WhiteElo "2126"]
[BlackElo "2599"]
[TimeControl "180+2"]
[EndTime "12:34:41 PDT"]
[Termination "Yaacovn won by resignation"]

1. e4 c6 2. d4 d5 3. Nd2 dxe4 4. Nxe4 Nf6 5. Nc3 Bf5 6. Nf3 e6 7. g3 Nbd7 8. Bg2 Bd6 9. O-O O-O 10. Nh4 Bg4 11. f3 Bh5 12. Be3 Nd5 13. Nxd5 cxd5 14. Qd2 Be7 15. Qf2 Rc8 16. c3 Nb6 17. Rae1 Nc4 18.
Bc1 b5 19. f4 b4 20. Nf3 bxc3 21. bxc3 Nd6 22. Ne5 Rxc3 23. Qd2 Qc7 24. g4 Rc2 25. Qe3 Bg6 26. f5 exf5 27. Nxg6 hxg6 28. Qxe7 Rxc1 29. Bxd5 Qxe7 30. Rxe7 Rxf1+ 31. Kxf1 fxg4 32. Rxa7 Nf5 33. Be4 Nxd4 34. Bxg6 fxg6+ 0-1

[Event "*** Titled Tuesday 3|2 Blitz"]
[Site "Chess.com"]
[Date "2015.09.01"]
[Round "8"]
[White "LADIESGET2KNOWME"]
[Black "SCIM"]
[Result "0-1"]
[WhiteElo "2216"]
[BlackElo "2139"]
[TimeControl "180+2"]
[EndTime "12:35:19 PDT"]
[Termination "SCIM won by checkmate"]

1. d4 Nf6 2. Nc3 d5 3. Bg5 e6 4.
e4 Bb4 5. e5 h6 6. Bh4 g5 7. Bg3 Ne4 8. Ne2 c5 9. a3 Ba5 10. dxc5 Bxc3+ 11. Nxc3 Nxc3 12. bxc3 Qa5 13. Qd2 Qxc5 14. Bd3 Nc6 15. h4 g4 16. O-O Bd7 17.
Qf4 O-O-O 18. Qxf7 Rdf8 19. Qh5 Be8 20. Qxg4 Rhg8 21.
Qh3 Kb8 22. Kh2 Qe7 23. Rab1 Bh5 24. Kh1 Bg4 25. Qh2 Bf5 26. Bf4 Rg4 27. g3 Bxd3 28. cxd3 Rfxf4 29. f3 Rxh4 30. gxh4 Rxh4 31. d4 Rxh2+ 32.
Kxh2 Qxa3 33. Rbc1 Qb2+ 34. Kg3 Qd2 35. f4 Qe3+ 36.
Kg4 Ne7 37. Kh5 Qh3# 0-1

[Event "*** Titled Tuesday 3|2 Blitz"]
[Site "Chess.com"]
[Date "2015.09.01"]
[Round "8"]
[White "ilmago"]
[Black "WarlordX"]
[Result "1-0"]
[WhiteElo "1864"]
[BlackElo "2175"]
[TimeControl "180+2"]
[EndTime "12:35:33 PDT"]
[Termination "ilmago won by checkmate"]

1. e4 c5 2. Nf3 d6 3. d4 cxd4 4. Qxd4 Nf6 5. e5 Nc6 6. Bb5 Nd7 7. Bxc6 bxc6 8. exd6 exd6 9. Bf4 Qe7+ 10. Kd1 Qf6 11. Re1+ Kd8 12. Bg5 Kc7 13. Bxf6 Nxf6 14. Nc3 h6 15.
Ne4 Nxe4 16. Qxe4 Be6 17. Nd4 Bd5 18. Qg4 g6 19. Kd2 Rb8 20. b3 h5 21. Qg3 Bh6+ 22.
f4 Bg7 23. c3 Bf6 24. Re2 h4 25. Qf2 a5 26. c4 c5 27. Nb5+ Rxb5 28. Rae1 Bxc4 29.
bxc4 Rb2+ 30. Kc1 Rb4 31. Rc2 Rhb8 32. Kd2 a4 33. g3 h3 34. g4 a3 35. g5 Bd4 36. Qf3 Rb2 37. Re7+ Kd8 38. Qe4 Rxc2+ 39.
Kxc2 Rb2+ 40. Kc1 Rxh2 41. Re8+ Kc7 42. Qe7+ Kb6 43. Rb8+ Ka6 44. Qb7+ Ka5 45. Qb5# 1-0